 Dungeon Crawl Stone Soup version 0.24-a0-582-g4d4af813a0 (webtiles) character file.

Game seed: 4639358074493277649

122 MirrMurr the Poker (level 4, 0/40 HPs)
             Began as a Centaur Berserker on Aug 25, 2019.
             Was a Believer of Trog.
             Killed from afar by an orc wizard (11 damage)
             ... with a puff of frost
             ... on level 3 of the Dungeon.
             The game lasted 00:04:05 (2453 turns).

MirrMurr the Poker (Centaur Berserker)              Turns: 2453, Time: 00:04:05

Health: 0/40       AC:  4    Str: 21    XL:     4   Next: 78%
Magic:  4/4        EV:  9    Int:  6    God:    Trog [**....]
Gold:   35         SH:  0    Dex:  8    Spells: 3/3 levels left

rFire    . . .     SeeInvis .   a - +0 trident
rCold    . . .     Gourm    .   (no shield)
rNeg     . . .     Faith    .   g - +0 leather armour
rPois    .         Spirit   .   (no helmet)
rElec    .         Reflect  .   (no cloak)
rCorr    .         Harm     .   (no gloves)
MR       .....                  (no barding)
Stlth    ..........             (no amulet)
HPRegen  0.13/turn              (no ring)
MPRegen  0.09/turn              (no ring)

@: very quick
A: large, hooves 3, deformed body, speed 2, tough skin 3
a: Berserk, Trog's Hand, Renounce Religion


You were on level 3 of the Dungeon.
You worshipped Trog.
Trog was pleased with you.
You were not hungry.

You visited 1 branch of the dungeon, and saw 3 of its levels.

You collected 35 gold pieces.

Inventory:

Hand Weapons
 a - a +0 trident (weapon)
Missiles
 e - 96 stones (quivered)
 f - 45 arrows
 p - a throwing net
Armour
 g - a +0 leather armour (worn)
Wands
 b - a wand of disintegration (17)
Scrolls
 d - 3 scrolls of fear {unknown}
 h - a scroll of teleportation {unknown}
 i - 3 scrolls of identify
 o - a scroll of random uselessness {unknown}
Potions
 j - a potion of might
 k - 2 potions of agility
 l - a potion of curing {unknown}
 m - 2 potions of resistance {unknown}
Comestibles
 c - 6 rations
 n - 4 chunks of flesh


   Skills:
 + Level 4.0 Fighting
 * Level 4.4 Polearms
 - Level 1.3 Armour
 - Level 1.3 Dodging


You had 3 spell levels left.
You didn't know any spells.
Your spell library was empty.

Dungeon Overview and Level Annotations

Branches:
Dungeon (3/15)

Altars:
Kikubaaqudgha
Okawaru
Ru
The Shining One


Innate Abilities, Weirdness & Mutations

You have hooves in place of feet.
Armour fits poorly on your strangely shaped body.
You cover ground very quickly.
You have extremely tough skin. (AC +3)


Message History

Attack whom?
Press: ? - help, Dir - move target cursor, f/p - orc
Aim: an orc (almost dead)
You reach to attack!
You puncture the orc!
You kill the orc!
Trog accepts your kill. Something hits you.
You hear some strange, mumbled words.
A puff of frost appears from out of thin air!
The puff of frost hits you.
You miss something. You kick something. You barely miss something.
You kick something. Something hits you. x2
You barely miss something. Something hits you but does no damage.
Something hits you.
* * * LOW HITPOINT WARNING * * *
You miss something. Your kick misses something.
You hear some strange, mumbled words.
A puff of frost appears from out of thin air!
The puff of frost hits you!
You die...

######## #.......
###########.......
#...<........>.#
#@###.#####....#
#{#............#
.†#.#.#..##....#
.###.#.#........#
#. # #.##.##....+
# #.##.##....# #.#
##....# #....#
#.#####....#


There were no monsters in sight!

Vanquished Creatures
  3 gnolls
  3 adders (D:2)
  An ooze (D:2)
  4 dart slugs
  2 orcs (D:3)
  A ball python (D:3)
  4 bats
  7 giant cockroaches
  5 goblins
  7 hobgoblins
  6 kobolds
  5 frilled lizards
  6 rats
54 creatures vanquished.

Notes
Turn   | Place    | Note
-------+----------+-------------------------------------------
     0 | D:1      | MirrMurr the Centaur Berserker began the quest for the Orb.
     0 | D:1      | Reached XP level 1. HP: 19/19 MP: 1/1
   117 | D:1      | Reached XP level 2. HP: 22/26 MP: 2/2
   587 | D:1      | Reached XP level 3. HP: 31/31 MP: 3/3
   687 | D:1      | Reached ** piety under Trog
  1054 | D:2      | Found a sacrificial altar of Ru.
  1640 | D:2      | Found an ancient bone altar of Kikubaaqudgha.
  1641 | D:2      | Found a glowing golden altar of the Shining One.
  1641 | D:2      | Found an iron altar of Okawaru.
  1690 | D:2      | Reached XP level 4. HP: 31/40 MP: 4/4
  2453 | D:3      | Killed from afar by an orc wizard

Levels and vault maps discovered:
D:1:      co_arrival_square_in_a_square_in_a_square, layout_basic,
          chequers_serial_rivers_small_3, minmay_misc_feat_more_columns,
          minmay_tetromino_o2
D:2:      layout_basic, chequers_temple_overflow_statue_of_worship,
          nicolae_ru_the_path_less_chosen
D:3:      layout_basic, overflow_temple_1_default

Skill      XL: |  1  2  3  4 |
---------------+-------------+-----
Polearms       | 3 4 |  4.4
Fighting       | 4 |  4.0
Armour         | |  1.3
Dodging        | |  1.3

Action                   |  1- 3 |  4- 6 || total
-------------------------+-------+-------++-------
Melee: Spear             |   121 |       ||   121
       Kick              |    17 |    11 ||    28
       Trident           |    18 |    49 ||    67
  Use: Scroll            |     4 |       ||     4
  Eat: Chunk             |     1 |     2 ||     3
Armor: Animal skin       |     7 |       ||     7
       Leather armour    |    32 |    11 ||    43
Dodge: Dodged            |    42 |    13 ||    55

Table legend:
 A = Non-vault XP
 B = Vault XP
 C = Vault XP percentage of total XP
 D = Non-vault monster count
 E = Vault monster count
 F = Vault count percentage of total count
                 A         B        C        D         E       F
            +---------+---------+-------+---------+---------+-------
      Total |     175 |       0 |   0.0 |      54 |       0 |   0.0
            +---------+---------+-------+---------+---------+-------
        D:1 |      45 |       0 |   0.0 |      25 |       0 |   0.0
        D:2 |      94 |       0 |   0.0 |      24 |       0 |   0.0
        D:3 |      36 |       0 |   0.0 |       5 |       0 |   0.0
            +---------+---------+-------+---------+---------+-------
